EL
ERIE SEAWOLVES @ PORTLAND SEA DOGS
08/25/2044
 
TOP OF THE 1ST
Erie SeaWolves batting - Pitching for Portland Sea Dogs : RHP Marcus Golightly
Pitching: RHP Marcus Golightly
Batting: LHB Adam Lancaster 0-0: Ground out 4-3 (Groundball, 4, EV 80.6 MPH)
Batting: LHB Takuya Uchida 0-0: Called Strike
0-1: Foul Ball, location: 2F
0-2: Ball
1-2: Foul Ball, location: 2F
1-2: Strikes out swinging
Batting: LHB Freddy Troncoso 0-0: Ball
1-0: Fly out, F7 (Flyball, 7, EV 96.9 MPH)
Top of the 1st over - 0 runs, 0 hits, 0 errors, 0 left on base; Erie 0 - Portland 0
BOTTOM OF THE 1ST
Portland Sea Dogs batting - Pitching for Erie SeaWolves : RHP Jason Mucci
Pitching: RHP Jason Mucci
Batting: LHB Julian Toney 0-0: Foul Ball, location: 2F
0-1: Foul Ball, location: 2F
0-2: Ball
1-2: Ball
2-2: Ball
3-2: Base on Balls
Batting: LHB Brent Albertson 0-0: Ball
1-0: Called Strike
Julian Toney steals 2nd base
1-1: Ground out 3-1 (Groundball, 34, EV 105.0 MPH)
Julian Toney to third
Batting: LHB Alex Mendoza 0-0: Ball
1-0: Ground out 4-3 (Groundball, 4, EV 90.0 MPH)
Julian Toney scores
Batting: RHB Devon Fourcade 0-0: Called Strike
0-1: Ball
1-1: Foul Ball, location: 2F
1-2: Ball
2-2: Ball
3-2: Strikes out swinging
Bottom of the 1st over - 1 run, 0 hits, 0 errors, 0 left on base; Erie 0 - Portland 1
TOP OF THE 2ND
Erie SeaWolves batting - Pitching for Portland Sea Dogs : RHP Marcus Golightly
Batting: LHB Luis Dominguez 0-0: Called Strike
0-1: Ball
1-1: Ball
2-1: Ball
3-1: Fly out, F8 (Line Drive, 8RD, EV 91.3 MPH)
Batting: RHB Jon Pierce 0-0: Swinging Strike
0-1: Ball
1-1: Ball
2-1: Foul Ball, location: 2F
2-2: Ground out 6-3 (Groundball, 56D, EV 81.9 MPH)
Batting: LHB Oscar Gonzalez 0-0: Ball
1-0: Swinging Strike
1-1: Swinging Strike
1-2: Ball
2-2: Strikes out swinging
Top of the 2nd over - 0 runs, 0 hits, 0 errors, 0 left on base; Erie 0 - Portland 1
BOTTOM OF THE 2ND
Portland Sea Dogs batting - Pitching for Erie SeaWolves : RHP Jason Mucci
Batting: LHB Dave Reyes 0-0: Foul Ball, location: 2F
0-1: Ball
1-1: Ball
2-1: Swinging Strike
2-2: Foul Ball, location: 2F
2-2: Ground out U3 (Groundball, 34, EV 88.8 MPH)
Batting: RHB Dan Friess 0-0: Ball
1-0: Ball
2-0: Called Strike
2-1: Foul Ball, location: 2F
2-2: Foul Ball, location: 2F
2-2: Foul Ball, location: 2F
2-2: Strikes out looking
Batting: RHB Carlos Nolasco 0-0: Foul Ball, location: 2F
0-1: Called Strike
0-2: Strikes out swinging, 2-3 out at first.
Bottom of the 2nd over - 0 runs, 0 hits, 0 errors, 0 left on base; Erie 0 - Portland 1
TOP OF THE 3RD
Erie SeaWolves batting - Pitching for Portland Sea Dogs : RHP Marcus Golightly
Batting: RHB Miguel Nunez 0-0: Foul Ball, location: 2F
0-1: Swinging Strike
0-2: Ball
1-2: Ground out 6-3 (Groundball, 6, EV 103.8 MPH)
Batting: RHB Yaremka Rzhevsky 0-0: Called Strike
0-1: Fly out, F8 (Flyball, 8LD, EV 101.9 MPH)
Batting: RHB Ken DiFerdinando 0-0: Ball
1-0: Ground out U3 (Groundball, 3S, EV 86.3 MPH)
Top of the 3rd over - 0 runs, 0 hits, 0 errors, 0 left on base; Erie 0 - Portland 1
BOTTOM OF THE 3RD
Portland Sea Dogs batting - Pitching for Erie SeaWolves : RHP Jason Mucci
Batting: RHB Joe Evrard 0-0: Called Strike
0-1: Swinging Strike
0-2: Strikes out looking
Batting: RHB Pat Bulger 0-0: Ground out 5-3 (Groundball, 56S, EV 82.5 MPH)
Batting: LHB Julian Toney 0-0: Ball
1-0: Ball
2-0: Swinging Strike
2-1: Ball
3-1: Foul Ball, location: 2F
3-2: Foul Ball, location: 2F
3-2: Foul Ball, location: 2F
3-2: Ground out U3 (Groundball, 34, EV 85.0 MPH)
Bottom of the 3rd over - 0 runs, 0 hits, 0 errors, 0 left on base; Erie 0 - Portland 1
TOP OF THE 4TH
Erie SeaWolves batting - Pitching for Portland Sea Dogs : RHP Marcus Golightly
Batting: LHB Adam Lancaster 0-0: Ball
1-0: Foul Ball, location: 2F
1-1: Ground out 5-3 (Groundball, 56, EV 102.5 MPH)
Batting: LHB Takuya Uchida 0-0: Ball
1-0: Foul Ball, location: 2F
1-1: Ball
2-1: Ground out 4-3 (Groundball, 34, EV 77.5 MPH)
Batting: LHB Freddy Troncoso 0-0: Called Strike
0-1: Ground out 6-3 (Groundball, 6S, EV 85.6 MPH)
Top of the 4th over - 0 runs, 0 hits, 0 errors, 0 left on base; Erie 0 - Portland 1
BOTTOM OF THE 4TH
Portland Sea Dogs batting - Pitching for Erie SeaWolves : RHP Jason Mucci
Batting: LHB Brent Albertson 0-0: Ball
1-0: Ground out 1-3 (Groundball, 34S, EV 67.5 MPH)
Batting: LHB Alex Mendoza 0-0: Called Strike
0-1: Ground out 4-3 (Groundball, 4, EV 106.3 MPH)
Batting: RHB Devon Fourcade 0-0: Called Strike
0-1: Ball
1-1: Foul Ball, location: 2F
1-2: Ball
2-2: Ball
3-2: Strikes out swinging
Bottom of the 4th over - 0 runs, 0 hits, 0 errors, 0 left on base; Erie 0 - Portland 1
TOP OF THE 5TH
Erie SeaWolves batting - Pitching for Portland Sea Dogs : RHP Marcus Golightly
Batting: LHB Luis Dominguez 0-0: Ball
1-0: Ball
2-0: SINGLE (Groundball, 4M, EV 110.0 MPH)
Batting: RHB Jon Pierce 0-0: Foul Ball, location: 2F
0-1: Ball
1-1: Called Strike
1-2: Ball
2-2: Strikes out looking
Batting: LHB Oscar Gonzalez 0-0: Ball
Luis Dominguez steals 2nd base (no throw)
1-0: Called Strike
1-1: Ground out 4-3 (Groundball, 4, EV 88.1 MPH)
Luis Dominguez to third
Batting: RHB Miguel Nunez 0-0: Ball
Wild Pitch!
Luis Dominguez scores
1-0: Ball
2-0: Ball
3-0: Called Strike
3-1: Swinging Strike
3-2: Base on Balls
Batting: RHB Yaremka Rzhevsky 0-0: Ball
1-0: Swinging Strike
1-1: Ground out 6-3 (Groundball, 6M, EV 94.4 MPH)
Top of the 5th over - 1 run, 1 hit, 0 errors, 1 left on base; Erie 1 - Portland 1
BOTTOM OF THE 5TH
Portland Sea Dogs batting - Pitching for Erie SeaWolves : RHP Jason Mucci
Batting: LHB Dave Reyes 0-0: Foul Ball, location: 2F
0-1: Foul Ball, location: 2F
0-2: Ball
1-2: Ball
2-2: Foul Ball, location: 2F
2-2: Ball
3-2: Foul Ball, location: 2F
3-2: Ground out 4-3 (Groundball, 4D, EV 105.0 MPH)
Batting: RHB Dan Friess 0-0: Foul Ball, location: 2F
0-1: Ball
1-1: Ball
2-1: Ball
3-1: Foul Ball, location: 2F
3-2: Strikes out looking
Batting: RHB Carlos Nolasco 0-0: Ball
1-0: Ball
2-0: Foul Ball, location: 2F
2-1: Foul Ball, location: 2F
2-2: SINGLE (Groundball, 56D, EV 101.3 MPH)
Batting: RHB Joe Evrard 0-0: Ball
1-0: Ball
Carlos Nolasco steals 2nd base
2-0: Ball
3-0: Called Strike
3-1: Base on Balls
Batting: RHB Pat Bulger 0-0: Called Strike
0-1: Foul Ball, location: 2F
0-2: Ball
1-2: Ball
2-2: Ball
3-2: Fly out, F9 (Flyball, 9D, EV 104.4 MPH)
Bottom of the 5th over - 0 runs, 1 hit, 0 errors, 2 left on base; Erie 1 - Portland 1
TOP OF THE 6TH
Erie SeaWolves batting - Pitching for Portland Sea Dogs : RHP Marcus Golightly
Batting: RHB Ken DiFerdinando 0-0: Called Strike
0-1: Foul Ball, location: 2F
0-2: Foul Ball, location: 2F
0-2: Ground out 4-3 (Groundball, 4M, EV 93.1 MPH)
Batting: LHB Adam Lancaster 0-0: Ball
1-0: SOLO HOME RUN (Flyball, 9D, EV 99.4 MPH), Distance : 385 ft
Batting: LHB Takuya Uchida 0-0: Ball
1-0: Ground out 6-3 (Groundball, 6MS, EV 86.9 MPH)
Batting: LHB Freddy Troncoso 0-0: Ball
1-0: Called Strike
1-1: Ball
2-1: Fly out, F7 (Flyball, 78XD, EV 99.4 MPH)
Top of the 6th over - 1 run, 1 hit, 0 errors, 0 left on base; Erie 2 - Portland 1
BOTTOM OF THE 6TH
Portland Sea Dogs batting - Pitching for Erie SeaWolves : RHP Jason Mucci
Batting: LHB Julian Toney 0-0: Foul Ball, location: 2F
0-1: Foul Ball, location: 2F
0-2: SINGLE (Groundball, 56, EV 96.3 MPH)
Batting: LHB Brent Albertson 0-0: Ball
Julian Toney steals 2nd base (no throw)
1-0: SINGLE (Groundball, 4D, EV 100.6 MPH)
Julian Toney to third
Pitching: RHP Justin Packard
Batting: LHB Alex Mendoza 0-0: Ball
1-0: Called Strike
1-1: SINGLE (Groundball, 34D, EV 106.9 MPH)
Julian Toney scores
Brent Albertson to second
Runner from 2nd tries for 3rd, SAFE, throw by RF made to third
Alex Mendoza to second
Batting: RHB Devon Fourcade 0-0: Fly out, F7 (Line Drive, 7, EV 91.9 MPH)
Runner from 3rd tags up, OUT at HOME! 7-2
Alex Mendoza to third
Batting: LHB Dave Reyes 0-0: Ball
1-0: Ball
2-0: Ball
3-0: Base on Balls
Batting: RHB Dan Friess 0-0: Ball
1-0: Called Strike
1-1: Ball
2-1: Ball
3-1: Base on Balls
Dave Reyes to second
Batting: RHB Carlos Nolasco 0-0: Ball
1-0: GRAND SLAM HOME RUN (Flyball, 9D, EV 96.3 MPH), Distance : 368 ft
Pitching: LHP Travis Sergo
Batting: RHB Joe Evrard 0-0: Ball
1-0: Called Strike
1-1: Ball
2-1: Ball
3-1: Swinging Strike
3-2: Base on Balls
Batting: RHB Pat Bulger 0-0: Ball
1-0: Ball
2-0: Ball
3-0: Base on Balls
Joe Evrard to second
Batting: LHB Julian Toney 0-0: Foul Ball, location: 2F
0-1: Ball
1-1: Ball
2-1: Swinging Strike
2-2: Foul Ball, location: 2F
2-2: Strikes out looking
Bottom of the 6th over - 5 runs, 4 hits, 0 errors, 2 left on base; Erie 2 - Portland 6
TOP OF THE 7TH
Erie SeaWolves batting - Pitching for Portland Sea Dogs : RHP Marcus Golightly
Batting: LHB Luis Dominguez 0-0: Called Strike
0-1: Ball
1-1: Swinging Strike
1-2: Foul Ball, location: 2F
1-2: Foul Ball, location: 2F
1-2: Fly out, F9 (Flyball, 9S, EV 79.4 MPH)
Batting: RHB Jon Pierce 0-0: Called Strike
0-1: Foul Ball, location: 2F
0-2: Ball
1-2: Foul Ball, location: 2F
1-2: Foul Ball, location: 2F
1-2: SINGLE (Groundball, 56D, EV 110.0 MPH)
Batting: LHB Oscar Gonzalez 0-0: SINGLE (Groundball, 34, EV 98.1 MPH)
Jon Pierce to second
Runner from 2nd tries for 3rd, OUT! 9-5
Oscar Gonzalez to second
Batting: RHB Miguel Nunez 0-0: Ball
1-0: Ball
2-0: Ground out 6-3 (Groundball, 6, EV 81.3 MPH)
Top of the 7th over - 0 runs, 2 hits, 0 errors, 1 left on base; Erie 2 - Portland 6
BOTTOM OF THE 7TH
Portland Sea Dogs batting - Pitching for Erie SeaWolves : LHP Travis Sergo
Pitching: LHP Jim Daum
Batting: LHB Brent Albertson 0-0: Called Strike
0-1: SINGLE (Groundball, 4S, EV 64.4 MPH) (infield hit)
Batting: LHB Alex Mendoza 0-0: Ball
1-0: Called Strike
1-1: Foul Ball, location: 2F
1-2: Fielders Choice at 2nd, 3-6 (Groundball, 3, EV 91.3 MPH)
Batting: RHB Devon Fourcade 0-0: Called Strike
0-1: SINGLE (Line Drive, 9S, EV 98.1 MPH)
Alex Mendoza to second
Batting: LHB Dave Reyes 0-0: Called Strike
0-1: Ball
1-1: Swinging Strike
1-2: Ball
2-2: Ground out 5-3 (Groundball, 56, EV 88.8 MPH)
Alex Mendoza to third
Devon Fourcade to second
Batting: RHB Dan Friess 0-0: Ball
1-0: Foul Ball, location: 2F
1-1: Foul Ball, location: 2F
1-2: Ball
2-2: Ground out U3 (Groundball, 3, EV 84.4 MPH)
Bottom of the 7th over - 0 runs, 2 hits, 0 errors, 2 left on base; Erie 2 - Portland 6
TOP OF THE 8TH
Erie SeaWolves batting - Pitching for Portland Sea Dogs : RHP Marcus Golightly
Batting: RHB Yaremka Rzhevsky 0-0: Ball
1-0: Ball
2-0: Fly out, F7 (Flyball, 78S, EV 93.8 MPH)
Pitching: RHP Pedro Torres
Batting: RHB Ken DiFerdinando 0-0: Ball
1-0: Ball
2-0: Fly out, F6 (Line Drive, 6, EV 68.8 MPH)
Batting: LHB Adam Lancaster 0-0: Ball
1-0: SINGLE (Flyball, 7LS, EV 99.4 MPH)
Batting: LHB Takuya Uchida 0-0: Swinging Strike
0-1: Ground out 4-3 (Groundball, 34, EV 79.4 MPH)
Top of the 8th over - 0 runs, 1 hit, 0 errors, 1 left on base; Erie 2 - Portland 6
BOTTOM OF THE 8TH
Portland Sea Dogs batting - Pitching for Erie SeaWolves : LHP Jim Daum
Pitching: RHP John Harrell
Batting: RHB Carlos Nolasco 0-0: Ball
1-0: Ball
2-0: Ball
3-0: Base on Balls
Batting: RHB Joe Evrard 0-0: Bunt missed!
0-1: Ball
1-1: Bunt missed!
1-2: Strikes out swinging
Batting: RHB Pat Bulger 0-0: Called Strike
0-1: Called Strike
0-2: Foul Ball, location: 2F
0-2: Strikes out swinging
Batting: LHB Julian Toney 0-0: Called Strike
0-1: Ball
1-1: Called Strike
1-2: Strikes out swinging
Bottom of the 8th over - 0 runs, 0 hits, 0 errors, 1 left on base; Erie 2 - Portland 6
TOP OF THE 9TH
Erie SeaWolves batting - Pitching for Portland Sea Dogs : RHP Pedro Torres
Batting: LHB Freddy Troncoso 0-0: Ball
1-0: Ball
2-0: Ball
3-0: Called Strike
3-1: Called Strike
3-2: Base on Balls
Batting: LHB Luis Dominguez 0-0: Fielders Choice at 2nd, 3-6 (Groundball, 3S, EV 83.1 MPH)
Batting: RHB Jon Pierce 0-0: Called Strike
0-1: Swinging Strike
0-2: Foul Ball, location: 2F
0-2: Ball
1-2: Foul Ball, location: 2F
1-2: Strikes out swinging
Batting: LHB Oscar Gonzalez 0-0: Called Strike
0-1: Foul Ball, location: 2F
0-2: Foul Ball, location: 2F
0-2: Ball
1-2: Ball
2-2: Foul Ball, location: 2F
2-2: Foul Ball, location: 2F
2-2: Foul Ball, location: 2F
2-2: Ball
3-2: Foul Ball, location: 2F
3-2: Reached on error, E3 (Groundball, 3L, EV 81.9 MPH)
Luis Dominguez to second
Pitching: RHP Michael Vazquez
Batting: RHB Miguel Nunez 0-0: Ball
1-0: Swinging Strike
1-1: Called Strike
1-2: Strikes out swinging
Top of the 9th over - 0 runs, 0 hits, 1 error, 2 left on base; Erie 2 - Portland 6
Thursday, March 31st , 2022 - OOTP Baseball 22.12 Build 89